[Event "106th British-ch Major 2019"]
[Site "Torquay"]
[Date "2019.07.30"]
[Round "4.10"]
[White "Taylor, William J"]
[Black "Ward, Andy"]
[Result "0-1"]
[ECO "C06"]
[WhiteElo "2062"]
[BlackElo "1822"]
[Annotator "NA"]
[PlyCount "92"]
[EventDate "2019.07.27"]
[EventType "swiss"]
[EventCountry "GBR"]
[SourceTitle "playchess.com"]
[Source "ChessBase"]
[SourceQuality "1"]
[TimeControl "40/5400+30:1800+30"]

1. e4 e6 2. d4 d5 3. Nd2 Nf6 4. e5 Nfd7 5. Bd3 c5 6. c3 Nc6 7. Ne2 cxd4 8. cxd4 f6 9. exf6 Nxf6 10. O-O Bd6 11. Nf3 Qc7 12. h3 O-O 13. Be3 Bd7 14. Re1 e5 15. dxe5 Nxe5 16. Nxe5 Bxe5 17. Bd4 Rae8 18. Qb3 Bxd4 19. Nxd4 Qa5 20. Nf3 Rxe1+ 21. Rxe1 Re8 22. Rxe8+ Bxe8 23. a3 Qc7 24. Qd1 Bh5 25. g4 Be8 26. Bc2 Bc6 27. Qd3 Qf4 28. g5 Ne4 29. Bb3 Qc1+ 30. Kg2 Qh1+ 31. Kxh1 Nxf2+ 32. Kg2 Nxd3 33. Kf1 Nxb2 34. Ne5 Bb5+ 35. Kf2 Bc4 36. Bc2 b5 37. Ke3 Bf1 38. Bf5 Nc4+ 39. Kd4 Nxe5 40. Kxe5 Bc4 41. Be6+ Kf8 42. Bxd5 Bxd5 43. Kxd5 a5 44. Kc5 b4 45. axb4 axb4 46. Kxb4 Kf7 0-1

[Event "106th British-ch Major 2019"]
[Site "Torquay"]
[Date "2019.07.30"]
[Round "4.11"]
[White "Nayak, Raghav"]
[Black "Cleary, Mark"]
[Result "0-1"]
[ECO "C95"]
[WhiteElo "1906"]
[BlackElo "2023"]
[Annotator "NA"]
[PlyCount "132"]
[EventDate "2019.07.27"]
[EventType "swiss"]
[EventCountry "GBR"]
[SourceTitle "playchess.com"]
[Source "ChessBase"]
[SourceQuality "1"]
[TimeControl "40/5400+30:1800+30"]

1. e4 e5 2. Nf3 Nc6 3. Bb5 a6 4. Ba4 Nf6 5. O-O Be7 6. Re1 b5 7. Bb3 d6 8. c3 O-O 9. h3 Nb8 10. d4 Nbd7 11. Nbd2 Bb7 12. Bc2 Re8 13. Nf1 Bf8 14. Ng3 g6 15. Bg5 h6 16. Bd2 Bg7 17. a4 c5 18. d5 c4 19. Be3 Qc7 20. Nh2 h5 21. Rf1 Nc5 22. f3 Nfd7 23. Qd2 Nb6 24. Bh6 f6 25. Bxg7 Qxg7 26. a5 Nbd7 27. Rae1 Rf8 28. h4 Rf7 29. Rf2 Kh7 30. Nhf1 Qh6 31. Ne3 Qf4 32. Ne2 Qxh4 33. g3 Qg5 34. Rh2 Rh8 35. Kf2 Kg8 36. Rg1 Qh6 37. Rhg2 Bc8 38. Ke1 Nf8 39. f4 Bg4 40. Nxg4 hxg4 41. Nc1 Nfd7 42. Rf2 f5 43. exf5 gxf5 44. b4 cxb3 45. Nxb3 Nxb3 46. Bxb3 Nc5 47. Bc2 e4 48. Rgg2 Qf6 49. Qe3 Rfh7 50. Kd2 Rh1 51. Re2 R8h3 52. Ref2 Qh8 53. Re2 Ra1 54. Qd4 Qxd4+ 55. cxd4 Nd7 56. Rh2 Rxh2 57. Rxh2 Nf6 58. Bb3 Rg1 59. Kc3 Rxg3+ 60. Kb4 Rd3 61. Rc2 e3 62. Re2 g3 63. Rg2 Ne4 64. Bc2 Rd2 65. Bxe4 Rxg2 66. Bxg2 e2 0-1

[Event "106th British-ch Major 2019"]
[Site "Torquay"]
[Date "2019.07.30"]
[Round "4.12"]
[White "Menadue, Jeremy F S"]
[Black "Foster, Timothy"]
[Result "1/2-1/2"]
[ECO "E70"]
[WhiteElo "2016"]
[BlackElo "1852"]
[Annotator "NA"]
[PlyCount "44"]
[EventDate "2019.07.27"]
[EventType "swiss"]
[EventCountry "GBR"]
[SourceTitle "playchess.com"]
[Source "ChessBase"]
[SourceQuality "1"]
[TimeControl "40/5400+30:1800+30"]

1. d4 Nf6 2. c4 g6 3. Nc3 Bg7 4. e4 d6 5. Nge2 O-O 6. Ng3 e5 7. d5 a5 8. Be2 Na6 9. h4 h5 10. Bg5 Qe8 11. Qd2 Nc5 12. f3 Bd7 13. O-O-O a4 14. Kb1 Nh7 15. Be3 b6 16. Rdg1 Qc8 17. Bd1 Qa6 18. Be2 Qa5 19. Nb5 Qxd2 20. Bxd2 Rfc8 21. Rd1 Bf8 22. Be3 Be7 1/2-1/2

[Event "106th British-ch Major 2019"]
[Site "Torquay"]
[Date "2019.07.30"]
[Round "4.13"]
[White "Metcalfe, Charlie P"]
[Black "Akeya-Price, Robert"]
[Result "1-0"]
[ECO "D15"]
[WhiteElo "1739"]
[BlackElo "1974"]
[Annotator "NA"]
[PlyCount "71"]
[EventDate "2019.07.27"]
[EventType "swiss"]
[EventCountry "GBR"]
[SourceTitle "playchess.com"]
[Source "ChessBase"]
[SourceQuality "1"]
[TimeControl "40/5400+30:1800+30"]

1. d4 Nf6 2. Nf3 d5 3. c4 c6 4. Nc3 Bg4 5. Qb3 Qb6 6. c5 Qxb3 7. axb3 Nbd7 8. Bf4 Nh5 9. Bc7 Bxf3 10. gxf3 e5 11. e3 g6 12. Kd2 exd4 13. exd4 Bg7 14. Re1+ Kf8 15. Bd6+ Kg8 16. Re7 Nf8 17. Ne2 Ne6 18. Kd3 Nd8 19. Re8+ Bf8 20. Rxf8+ Kg7 21. Rxh8 Kxh8 22. Ng3 Ng7 23. Bh3 f5 24. Ra1 a6 25. Re1 Nge6 26. Ne2 Kg7 27. Nf4 Kf7 28. Kc3 Kf6 29. Nd3 Rc8 30. Ne5 Kg7 31. Nd7 Ra8 32. Nb6 Ra7 33. Bb8 Kf7 34. Bxa7 Nf4 35. Bf1 Nde6 36. Bb8 1-0

[Event "106th British-ch Major 2019"]
[Site "Torquay"]
[Date "2019.07.30"]
[Round "4.14"]
[White "Rushbrooke, Remy"]
[Black "Robertson, Jim"]
[Result "1-0"]
[ECO "A10"]
[WhiteElo "1963"]
[BlackElo "1580"]
[Annotator "NA"]
[PlyCount "39"]
[EventDate "2019.07.27"]
[EventType "swiss"]
[EventCountry "GBR"]
[SourceTitle "playchess.com"]
[Source "ChessBase"]
[SourceQuality "1"]
[TimeControl "40/5400+30:1800+30"]

1. Nf3 d5 2. g3 e6 3. Bg2 f5 4. O-O Nf6 5. c4 c6 6. Nc3 Bd6 7. d3 Bc7 8. e4 d4 9. Nb1 e5 10. exf5 Bxf5 11. Re1 Nbd7 12. Nxd4 g6 13. Nxf5 gxf5 14. Bh3 Ng4 15. Bxg4 fxg4 16. Qxg4 Nf6 17. Qe6+ Qe7 18. Qxe7+ Kxe7 19. d4 Rad8 20. dxe5 1-0

[Event "106th British-ch Major 2019"]
[Site "Torquay"]
[Date "2019.07.30"]
[Round "4.15"]
[White "Payne, Matthew J"]
[Black "Cocks, Elliot"]
[Result "1-0"]
[ECO "C45"]
[WhiteElo "2168"]
[BlackElo "1907"]
[Annotator "NA"]
[PlyCount "51"]
[EventDate "2019.07.27"]
[EventType "swiss"]
[EventCountry "GBR"]
[SourceTitle "playchess.com"]
[Source "ChessBase"]
[SourceQuality "1"]
[TimeControl "40/5400+30:1800+30"]

1. e4 e5 2. Nf3 Nc6 3. d4 exd4 4. Nxd4 Nf6 5. Nxc6 bxc6 6. e5 Qe7 7. Qe2 Nd5 8. c4 Ba6 9. Nd2 O-O-O 10. Qe4 Nb6 11. b3 Bb7 12. Bb2 Qe6 13. O-O-O g6 14. Qc2 Bg7 15. f4 f6 16. Bd3 fxe5 17. Rhe1 Rhf8 18. Bxe5 Bxe5 19. Rxe5 Qf6 20. g3 d6 21. Ne4 Qg7 22. Re6 Kb8 23. Qc3 Qd7 24. Rf6 Rfe8 25. Bc2 Qg7 26. Rfxd6 1-0

[Event "106th British-ch Major 2019"]
[Site "Torquay"]
[Date "2019.07.30"]
[Round "4.16"]
[White "Miller, Dominic"]
[Black "Ruane, Brendan J"]
[Result "1-0"]
[ECO "A10"]
[WhiteElo "2140"]
[BlackElo "1904"]
[Annotator "NA"]
[PlyCount "45"]
[EventDate "2019.07.27"]
[EventType "swiss"]
[EventCountry "GBR"]
[SourceTitle "playchess.com"]
[Source "ChessBase"]
[SourceQuality "1"]
[TimeControl "40/5400+30:1800+30"]

1. c4 b6 2. Nc3 e6 3. e4 Bb7 4. Nf3 g6 5. d4 Bg7 6. Bd3 d6 7. O-O Nd7 8. Be3 Ne7 9. Rc1 a6 10. b4 h6 11. d5 c5 12. bxc5 Nxc5 13. Na4 Bc8 14. Rb1 Nxa4 15. Qxa4+ Bd7 16. Qb4 Nc8 17. Bxb6 Nxb6 18. Qxb6 Qe7 19. e5 dxe5 20. d6 Qd8 21. c5 Qc8 22. Be4 Bb5 23. Rxb5 1-0

[Event "106th British-ch Major 2019"]
[Site "Torquay"]
[Date "2019.07.30"]
[Round "4.17"]
[White "Shaw, Peter"]
[Black "Rathbone-Jones, Ifan"]
[Result "1-0"]
[ECO "D06"]
[WhiteElo "2068"]
[BlackElo "1855"]
[Annotator "NA"]
[PlyCount "59"]
[EventDate "2019.07.27"]
[EventType "swiss"]
[EventCountry "GBR"]
[SourceTitle "playchess.com"]
[Source "ChessBase"]
[SourceQuality "1"]
[TimeControl "40/5400+30:1800+30"]

1. d4 d5 2. c4 Bf5 3. Nc3 e6 4. Bf4 c6 5. Qb3 Qd7 6. cxd5 cxd5 7. Bxb8 Rxb8 8. e4 Bxe4 9. Bb5 Bxg2 10. Bxd7+ Kxd7 11. Qa4+ Ke7 12. Qxa7 Rd8 13. Qxb7+ Rd7 14. Qb4+ Ke8 15. Qb8+ Ke7 16. f3 Bxh1 17. Kf2 g5 18. Nge2 Bxf3 19. Kxf3 g4+ 20. Kg2 h5 21. Na4 Rd8 22. Qc7+ Rd7 23. Qc5+ Ke8 24. Qc8+ Rd8 25. Qc6+ Ke7 26. Nb6 Nh6 27. Rf1 Rg8 28. Nc8+ Rxc8 29. Qxc8 Nf5 30. Rxf5 1-0

[Event "106th British-ch Major 2019"]
[Site "Torquay"]
[Date "2019.07.30"]
[Round "4.18"]
[White "Hosdurga, Chirag"]
[Black "Rice, Chris B"]
[Result "1-0"]
[ECO "E76"]
[WhiteElo "1926"]
[BlackElo "2040"]
[Annotator "NA"]
[PlyCount "69"]
[EventDate "2019.07.27"]
[EventType "swiss"]
[EventCountry "GBR"]
[SourceTitle "playchess.com"]
[Source "ChessBase"]
[SourceQuality "1"]
[TimeControl "40/5400+30:1800+30"]

1. d4 Nf6 2. c4 g6 3. Nc3 Bg7 4. e4 d6 5. f4 c5 6. d5 O-O 7. Nf3 e6 8. dxe6 Bxe6 9. Bd3 Nc6 10. O-O Bg4 11. h3 Bxf3 12. Qxf3 a6 13. Be3 Nd7 14. Qf2 Qa5 15. Nd5 b5 16. Rac1 Rab8 17. b3 Rfe8 18. e5 dxe5 19. f5 Nd8 20. Be4 Rc8 21. cxb5 axb5 22. b4 Qa4 23. Qh4 Rb8 24. Qg4 Nb6 25. Nxb6 Rxb6 26. bxc5 Rc6 27. Bxc6 Qxg4 28. hxg4 Nxc6 29. f6 Bf8 30. Rfd1 Rc8 31. Rd7 h6 32. Kf2 Nd4 33. Bxd4 exd4 34. c6 Ba3 35. c7 1-0

[Event "106th British-ch Major 2019"]
[Site "Torquay"]
[Date "2019.07.30"]
[Round "4.19"]
[White "Cusick, Peter"]
[Black "Tombolis, Christopher"]
[Result "1-0"]
[ECO "D58"]
[WhiteElo "1971"]
[BlackElo "1883"]
[Annotator "NA"]
[PlyCount "71"]
[EventDate "2019.07.27"]
[EventType "swiss"]
[EventCountry "GBR"]
[SourceTitle "playchess.com"]
[Source "ChessBase"]
[SourceQuality "1"]
[TimeControl "40/5400+30:1800+30"]

1. d4 d5 2. Nf3 Nf6 3. c4 e6 4. cxd5 exd5 5. Nc3 Be7 6. Bg5 O-O 7. e3 h6 8. Bh4 b6 9. Bd3 Bb7 10. O-O c5 11. Rc1 Ne4 12. Bxe7 Qxe7 13. Bb1 Nd7 14. Qd3 c4 15. Qc2 f5 16. Rce1 Rae8 17. Nd2 Qh4 18. Nf3 Qh5 19. Qa4 Rf7 20. Bxe4 fxe4 21. Ne5 Rxe5 22. dxe5 Nxe5 23. Qe8+ Kh7 24. Qb8 Rf5 25. Ne2 Nf3+ 26. gxf3 exf3 27. Nf4 Qg5+ 28. Kh1 Rxf4 29. Rg1 Rg4 30. Rxg4 Qxg4 31. Rg1 Qc8 32. Qxa7 Qc6 33. Qb8 Bc8 34. Qe5 Qb7 35. Qh5 Qe7 36. Qxd5 1-0

[Event "106th British-ch Major 2019"]
[Site "Torquay"]
[Date "2019.07.30"]
[Round "4.20"]
[White "Warren, Alex M"]
[Black "Sanitt, Ethan"]
[Result "1-0"]
[ECO "A45"]
[WhiteElo "1967"]
[BlackElo "1752"]
[Annotator "NA"]
[PlyCount "55"]
[EventDate "2019.07.27"]
[EventType "swiss"]
[EventCountry "GBR"]
[SourceTitle "playchess.com"]
[Source "ChessBase"]
[SourceQuality "1"]
[TimeControl "40/5400+30:1800+30"]

1. d4 Nf6 2. Bf4 c5 3. d5 b5 4. a4 Qa5+ 5. Bd2 b4 6. c4 g6 7. Qc2 Bg7 8. e4 d6 9. Bd3 Nbd7 10. f4 Qc7 11. Nf3 a5 12. O-O O-O 13. Ra2 Bb7 14. b3 e6 15. Bc1 exd5 16. cxd5 Rfe8 17. Bb2 Re7 18. Nbd2 Rae8 19. Qb1 Ng4 20. Bxg7 Kxg7 21. Nc4 Ba6 22. Nfd2 Ngf6 23. e5 Bxc4 24. Nxc4 Qa7 25. exf6+ Nxf6 26. Qa1 Re3 27. Nxe3 Rxe3 28. Bc4 1-0

[Event "106th British-ch Major 2019"]
[Site "Torquay"]
[Date "2019.07.30"]
[Round "4.21"]
[White "Chapman, Matt"]
[Black "Forster, Matthew"]
[Result "0-1"]
[ECO "B38"]
[WhiteElo "1957"]
[BlackElo "1825"]
[Annotator "NA"]
[PlyCount "110"]
[EventDate "2019.07.27"]
[EventType "swiss"]
[EventCountry "GBR"]
[SourceTitle "playchess.com"]
[Source "ChessBase"]
[SourceQuality "1"]
[TimeControl "40/5400+30:1800+30"]

1. e4 c5 2. Nf3 g6 3. d4 cxd4 4. Nxd4 Bg7 5. c4 Nc6 6. Be3 Nf6 7. Nc3 b6 8. Be2 Bb7 9. f3 O-O 10. O-O d6 11. Qd2 Nxd4 12. Bxd4 Ne8 13. Be3 Nc7 14. Rad1 Rc8 15. Rfe1 Kh8 16. Bf1 Qe8 17. Nd5 Ne6 18. b3 Rd8 19. Kh1 Nc5 20. Bg5 f6 21. Be3 Qf7 22. Bd3 Na6 23. Nc3 Nc7 24. Bb1 e6 25. Bf4 Rd7 26. Qe3 Rfd8 27. Rd2 f5 28. exf5 gxf5 29. Red1 e5 30. Bg5 Bf6 31. Bxf6+ Qxf6 32. a4 Ne6 33. Nb5 Nc5 34. Bc2 a5 35. Nc3 Kg7 36. Nb5 Kf8 37. Qf2 Bc6 38. Nc3 Rg7 39. Ne2 f4 40. Nc3 Ke7 41. Nd5+ Bxd5 42. Rxd5 h5 43. Qd2 h4 44. h3 Rg3 45. b4 axb4 46. Qxb4 Qe6 47. Kh2 Rdg8 48. Rg1 e4 49. Qe1 exf3 50. Qxe6+ Nxe6 51. Rd2 Ng5 52. Bf5 fxg2 53. Bg4 Rxh3+ 54. Kxg2 Rg3+ 55. Kf2 Ne4+ 0-1

[Event "106th British-ch Major 2019"]
[Site "Torquay"]
[Date "2019.07.30"]
[Round "4.22"]
[White "Merriman, James"]
[Black "Gardiner, Eric D"]
[Result "0-1"]
[ECO "D20"]
[WhiteElo "1808"]
[BlackElo "1957"]
[Annotator "NA"]
[PlyCount "108"]
[EventDate "2019.07.27"]
[EventType "swiss"]
[EventCountry "GBR"]
[SourceTitle "playchess.com"]
[Source "ChessBase"]
[SourceQuality "1"]
[TimeControl "40/5400+30:1800+30"]

1. d4 d5 2. c4 dxc4 3. e4 Nc6 4. d5 Ne5 5. f4 Nd3+ 6. Bxd3 cxd3 7. Qxd3 e6 8. Nc3 exd5 9. Qxd5 Qxd5 10. Nxd5 Bd6 11. Nf3 Ne7 12. Nc3 Bd7 13. Be3 c6 14. O-O-O Bc7 15. h3 f6 16. Nd4 O-O-O 17. g4 a6 18. Nb3 b6 19. Rd2 c5 20. Rhd1 Bc6 21. Nd5 Bxd5 22. exd5 Bd6 23. a4 Ng6 24. a5 Rhe8 25. Bg1 Bxf4 26. axb6 Rxd5 27. Bxc5 Re2 28. Bb4 Ne5 29. Kb1 Bxd2 30. Bxd2 Nc6 31. Kc2 Kb7 32. Kc3 Kxb6 33. Kc4 Rd8 34. Kc3 Ne5 35. Nd4 Rxd4 36. Kxd4 Rxd2+ 37. Rxd2 Nf3+ 38. Ke3 Nxd2 39. Kxd2 Kc5 40. Kc3 g6 41. Kd3 Kb4 42. Kd4 Kb3 43. Kd5 Kxb2 44. Ke6 f5 45. gxf5 gxf5 46. Kxf5 a5 47. Kg5 a4 48. Kh6 a3 49. Kxh7 a2 50. h4 a1=Q 51. h5 Qa7+ 52. Kh8 Qb8+ 53. Kg7 Qe5+ 54. Kg6 Qh8 0-1

[Event "106th British-ch Major 2019"]
[Site "Torquay"]
[Date "2019.07.30"]
[Round "4.23"]
[White "Li, Jack"]
[Black "Fathallah, Joe"]
[Result "1/2-1/2"]
[ECO "C04"]
[WhiteElo "1529"]
[BlackElo "1952"]
[Annotator "NA"]
[PlyCount "93"]
[EventDate "2019.07.27"]
[EventType "swiss"]
[EventCountry "GBR"]
[SourceTitle "playchess.com"]
[Source "ChessBase"]
[SourceQuality "1"]
[TimeControl "40/5400+30:1800+30"]

1. e4 e6 2. d4 d5 3. Nd2 Nc6 4. c3 e5 5. dxe5 Nxe5 6. Qc2 Nf6 7. exd5 Qxd5 8. Ngf3 Bd6 9. Be2 O-O 10. O-O Bg4 11. h3 Nxf3+ 12. Bxf3 Qe5 13. g3 Bxh3 14. Bxb7 Rab8 15. Bg2 Bf5 16. Qd1 Bc5 17. Nb3 Rbd8 18. Qe1 Qxe1 19. Rxe1 Bd6 20. Nd4 Bd7 21. Bg5 Rde8 22. Bxf6 gxf6 23. Bf3 f5 24. Bc6 Bxc6 25. Nxc6 a6 26. Kg2 f4 27. gxf4 Bxf4 28. Ne7+ Kh8 29. Nd5 Bd6 30. Nf6 Re6 31. Rxe6 fxe6 32. Ne4 Kg7 33. Rd1 Rd8 34. Ng5 Kf6 35. Ne4+ Ke7 36. Rh1 Rg8+ 37. Kf3 Rg7 38. Nxd6 cxd6 39. Rh4 Rf7+ 40. Ke3 a5 41. b4 axb4 42. cxb4 d5 43. a4 Kd6 44. a5 Kc6 45. Rh6 Re7 46. Kd4 Kb5 47. Ke5 1/2-1/2

[Event "106th British-ch Major 2019"]
[Site "Torquay"]
[Date "2019.07.30"]
[Round "4.25"]
[White "Balaji, Aaravamudhan"]
[Black "Forster, James Connor Christo"]
[Result "1-0"]
[ECO "D27"]
[WhiteElo "2034"]
[BlackElo "1831"]
[Annotator "NA"]
[PlyCount "61"]
[EventDate "2019.07.27"]
[EventType "swiss"]
[EventCountry "GBR"]
[SourceTitle "playchess.com"]
[Source "ChessBase"]
[SourceQuality "1"]
[TimeControl "40/5400+30:1800+30"]

1. d4 d5 2. c4 dxc4 3. Nf3 Nf6 4. e3 e6 5. Bxc4 a6 6. O-O b5 7. Be2 Bb7 8. a4 b4 9. Nbd2 c5 10. b3 Nbd7 11. Bb2 Be7 12. Nc4 O-O 13. Rc1 Bd5 14. Nfe5 cxd4 15. Bxd4 Nc5 16. Nd3 Nxd3 17. Bxd3 Rb8 18. Ne5 Bb7 19. Nc6 Bxc6 20. Rxc6 a5 21. Qc2 h6 22. Rd1 Nd5 23. Bb5 Rc8 24. e4 Rxc6 25. Bxc6 Qc7 26. exd5 exd5 27. Rc1 Rc8 28. Qf5 Bg5 29. Rc2 Bf4 30. Bxd5 Re8 31. g3 1-0

[Event "106th British-ch Major 2019"]
[Site "Torquay"]
[Date "2019.07.30"]
[Round "4.26"]
[White "Camp, Imogen Al"]
[Black "Young, Daniel J"]
[Result "0-1"]
[ECO "D45"]
[WhiteElo "1850"]
[BlackElo "1971"]
[Annotator "NA"]
[PlyCount "60"]
[EventDate "2019.07.27"]
[EventType "swiss"]
[EventCountry "GBR"]
[SourceTitle "playchess.com"]
[Source "ChessBase"]
[SourceQuality "1"]
[TimeControl "40/5400+30:1800+30"]

1. d4 d5 2. c4 c6 3. Nf3 Nf6 4. e3 e6 5. Nc3 Nbd7 6. Qc2 Bd6 7. b3 O-O 8. Bd3 e5 9. dxe5 Nxe5 10. Nxe5 Bxe5 11. Bb2 h6 12. h3 Re8 13. O-O d4 14. exd4 Qxd4 15. Na4 Qf4 16. Bxe5 Rxe5 17. Rfe1 Rg5 18. Re3 Qh4 19. Kf1 Be6 20. Nc3 Ng4 21. Rg3 Qxg3 22. fxg3 Ne3+ 23. Kf2 Nxc2 24. Bxc2 Rd8 25. Ne4 Re5 26. g4 f5 27. gxf5 Bxf5 28. Kf3 Bxe4+ 29. Bxe4 Rf8+ 30. Ke3 Rfe8 0-1

[Event "106th British-ch Major 2019"]
[Site "Torquay"]
[Date "2019.07.30"]
[Round "4.27"]
[White "May, Paul"]
[Black "Mueller, Jens"]
[Result "1/2-1/2"]
[ECO "A44"]
[WhiteElo "1832"]
[BlackElo "1965"]
[Annotator "NA"]
[PlyCount "65"]
[EventDate "2019.07.27"]
[EventType "swiss"]
[EventCountry "GBR"]
[SourceTitle "playchess.com"]
[Source "ChessBase"]
[SourceQuality "1"]
[TimeControl "40/5400+30:1800+30"]

1. d4 g6 2. c4 Bg7 3. Nc3 c5 4. d5 d6 5. e4 e5 6. Bd3 Ne7 7. Bg5 h6 8. Bh4 g5 9. Bg3 Ng6 10. Qd2 Na6 11. a3 Nc7 12. f3 Bd7 13. Nge2 a6 14. b4 b6 15. Rb1 O-O 16. Bf2 Ne8 17. Ng3 Nh4 18. Be3 Bh3 19. Bf1 Nf6 20. Bxg5 hxg5 21. Qxg5 Nh7 22. Qxd8 Rfxd8 23. gxh3 Ng5 24. Be2 Nxh3 25. bxc5 bxc5 26. Kd2 Bh6+ 27. Kc2 Rab8 28. Rxb8 Rxb8 29. Rb1 Rxb1 30. Kxb1 Bd2 31. Na4 Ba5 32. Kc2 Ng1 33. Bd1 1/2-1/2

[Event "106th British-ch Major 2019"]
[Site "Torquay"]
[Date "2019.07.30"]
[Round "4.28"]
[White "Howell, Oliver W"]
[Black "Cowan, Richard M"]
[Result "1-0"]
[ECO "E67"]
[WhiteElo "1797"]
[BlackElo "1931"]
[Annotator "NA"]
[PlyCount "107"]
[EventDate "2019.07.27"]
[EventType "swiss"]
[EventCountry "GBR"]
[SourceTitle "playchess.com"]
[Source "ChessBase"]
[SourceQuality "1"]
[TimeControl "40/5400+30:1800+30"]

1. Nf3 g6 2. c4 Bg7 3. g3 d6 4. Bg2 Nd7 5. O-O Ngf6 6. Nc3 O-O 7. d4 c6 8. Qc2 Qc7 9. b3 e5 10. dxe5 dxe5 11. e4 Nc5 12. Be3 Ne6 13. h3 a6 14. c5 a5 15. Na4 Rd8 16. Rfd1 Bd7 17. Nb6 Rab8 18. Rd6 Be8 19. Rad1 Bf8 20. Rxd8 Rxd8 21. Rxd8 Nxd8 22. Bg5 Kg7 23. a3 Ne6 24. Be3 Nd7 25. Nxd7 Bxd7 26. Qc3 f6 27. Nd2 g5 28. b4 axb4 29. axb4 Be8 30. Bf1 Qd7 31. Kh2 Bg6 32. Qd3 Nd4 33. Bxd4 Qxd4 34. Qxd4 exd4 35. Bd3 Kf7 36. Nb3 Be7 37. Na5 Ke6 38. Nxb7 Ke5 39. f3 f5 40. Na5 fxe4 41. Nxc6+ Kf6 42. fxe4 Bf8 43. e5+ Ke6 44. Bxg6 hxg6 45. Nxd4+ Kxe5 46. c6 Kd6 47. c7 Kd7 48. b5 Bc5 49. Ne6 Be3 50. Kg2 Kc8 51. Kf3 Bd2 52. Ke4 Kd7 53. Kd5 Be3 54. g4 1-0

[Event "106th British-ch Major 2019"]
[Site "Torquay"]
[Date "2019.07.30"]
[Round "4.29"]
[White "Ifalore, Michael"]
[Black "Lim, Mark"]
[Result "1-0"]
[ECO "E09"]
[WhiteElo "1907"]
[BlackElo "2265"]
[Annotator "NA"]
[PlyCount "83"]
[EventDate "2019.07.27"]
[EventType "swiss"]
[EventCountry "GBR"]
[SourceTitle "playchess.com"]
[Source "ChessBase"]
[SourceQuality "1"]
[TimeControl "40/5400+30:1800+30"]

1. c4 e6 2. g3 Nf6 3. d4 d5 4. Nf3 Be7 5. Bg2 O-O 6. O-O Nbd7 7. Qc2 c6 8. Nbd2 b6 9. e4 Bb7 10. e5 Ne8 11. Rd1 Rc8 12. Qd3 c5 13. b3 cxd4 14. Qxd4 Nc7 15. Qg4 f5 16. exf6 Nxf6 17. Qh3 dxc4 18. Bb2 cxb3 19. Ne4 Bxe4 20. Rxd8 Rfxd8 21. axb3 Rd3 22. Nd4 Bxg2 23. Kxg2 Rd2 24. Bc3 Rd3 25. Rc1 Nfd5 26. Ne2 Rf8 27. Qg4 Rf7 28. Qe4 Rdf3 29. Qxf3 Rxf3 30. Kxf3 Kf7 31. Be5 Nb5 32. Nf4 Nxf4 33. Kxf4 g5+ 34. Ke4 Bc5 35. Rd1 Ke7 36. f4 g4 37. f5 exf5+ 38. Kxf5 h5 39. Kg5 Ke6 40. Re1 Kd5 41. Kxh5 Nd4 42. Bxd4 1-0

[Event "106th British-ch Major 2019"]
[Site "Torquay"]
[Date "2019.07.30"]
[Round "4.30"]
[White "Paulden, Tim"]
[Black "Lovell, William Pm"]
[Result "1/2-1/2"]
[ECO "D02"]
[WhiteElo "1902"]
[BlackElo "1777"]
[Annotator "NA"]
[PlyCount "35"]
[EventDate "2019.07.27"]
[EventType "swiss"]
[EventCountry "GBR"]
[SourceTitle "playchess.com"]
[Source "ChessBase"]
[SourceQuality "1"]
[TimeControl "40/5400+30:1800+30"]

1. d4 d5 2. Bf4 Nf6 3. e3 c5 4. c3 Nc6 5. Nd2 e6 6. Ngf3 Bd6 7. Bg3 O-O 8. Bd3 b6 9. Ne5 Qc7 10. f4 Ne7 11. O-O Nf5 12. Bf2 Be7 13. Ng4 Nxg4 14. Qxg4 Nd6 15. Qh3 f5 16. Bh4 Ne4 17. Bxe7 Qxe7 18. Nf3 1/2-1/2

[Event "106th British-ch Major 2019"]
[Site "Torquay"]
[Date "2019.07.30"]
[Round "4.31"]
[White "Morgan, Jamie"]
[Black "Kirupakaran, Vishnu"]
[Result "0-1"]
[ECO "B40"]
[WhiteElo "1894"]
[BlackElo "1771"]
[Annotator "NA"]
[PlyCount "70"]
[EventDate "2019.07.27"]
[EventType "swiss"]
[EventCountry "GBR"]
[SourceTitle "playchess.com"]
[Source "ChessBase"]
[SourceQuality "1"]
[TimeControl "40/5400+30:1800+30"]

1. e4 c5 2. Nc3 a6 3. g3 Nc6 4. Bg2 g6 5. d3 Bg7 6. Nf3 e6 7. O-O Nge7 8. Rb1 O-O 9. Bf4 d5 10. Qc1 b5 11. Bh6 Bb7 12. Bxg7 Kxg7 13. Qd2 Qd7 14. Rbd1 Rad8 15. Ne2 e5 16. Qc3 Qd6 17. Qe1 d4 18. a3 c4 19. Ra1 Nc8 20. b3 Nb6 21. Nd2 cxd3 22. cxd3 Rc8 23. Qb1 Rc7 24. Rc1 Rfc8 25. Bh3 Nd7 26. Qb2 Ne7 27. b4 f5 28. Rxc7 Rxc7 29. Rc1 fxe4 30. Rxc7 Qxc7 31. Nxe4 Bxe4 32. dxe4 Nf6 33. Bg2 Qc4 34. Nc1 Nc8 35. Nd3 Qxd3 0-1

[Event "106th British-ch Major 2019"]
[Site "Torquay"]
[Date "2019.07.30"]
[Round "4.32"]
[White "Sheikh, Anum"]
[Black "Hilton, Tim"]
[Result "0-1"]
[ECO "C00"]
[WhiteElo "1693"]
[BlackElo "1892"]
[Annotator "NA"]
[PlyCount "62"]
[EventDate "2019.07.27"]
[EventType "swiss"]
[EventCountry "GBR"]
[SourceTitle "playchess.com"]
[Source "ChessBase"]
[SourceQuality "1"]
[TimeControl "40/5400+30:1800+30"]

1. e4 e6 2. b3 d5 3. Bb2 Nf6 4. e5 Nfd7 5. Qg4 c5 6. f4 Nc6 7. Nf3 g6 8. Nc3 a6 9. Be2 Bg7 10. O-O-O b5 11. h4 h5 12. Qh3 c4 13. g4 Nc5 14. d4 cxd3 15. cxd3 b4 16. Nb1 Qa5 17. gxh5 Qxa2 18. Nbd2 Na5 19. Nd4 Bd7 20. Kc2 Rc8 21. Nc4 Ncxb3 22. Nxb3 Qxb3+ 23. Kb1 dxc4 24. dxc4 Qxh3 25. Rxh3 Nxc4 26. hxg6 fxg6 27. Bd3 Nxb2 28. Bxg6+ Ke7 29. Kxb2 Bb5 30. Rd2 Bh6 31. Rd4 Rc4 0-1

[Event "106th British-ch Major 2019"]
[Site "Torquay"]
[Date "2019.07.30"]
[Round "4.33"]
[White "Miller, George"]
[Black "Rushbrooke, Tibo"]
[Result "0-1"]
[ECO "C26"]
[WhiteElo "1891"]
[BlackElo "1700"]
[Annotator "NA"]
[PlyCount "50"]
[EventDate "2019.07.27"]
[EventType "swiss"]
[EventCountry "GBR"]
[SourceTitle "playchess.com"]
[Source "ChessBase"]
[SourceQuality "1"]
[TimeControl "40/5400+30:1800+30"]

1. Nc3 e5 2. e4 Nf6 3. g3 Bc5 4. Nf3 d6 5. d4 exd4 6. Nxd4 O-O 7. Bg2 Bg4 8. f3 Bh5 9. Be3 Re8 10. Nf5 Bxe3 11. Nxe3 Nxe4 12. Nxe4 Rxe4 13. Qd3 Re8 14. O-O-O Nc6 15. Kb1 Bg6 16. Qb3 Qd7 17. f4 Rxe3 18. Qxe3 Nb4 19. Rc1 Re8 20. Qxa7 Nxc2 21. Rxc2 Qf5 22. Qxb7 Qxc2+ 23. Ka1 h6 24. Qc6 Qe2 25. a4 Rb8 0-1